[Event "22nd OIBM 2018"]
[Site "Gmund am Tegernsee"]
[Date "2018.10.28"]
[Round "2"]
[White "Schatz, Christian"]
[Black "Pirrot, Dieter"]
[Result "1-0"]
[ECO "A40"]
[WhiteElo "2153"]
[BlackElo "2373"]
[Annotator "NA RC"]
[PlyCount "87"]
[EventDate "2018.10.27"]
[EventType "swiss"]
[EventCountry "GER"]
[SourceTitle "playchess.com"]
[Source "ChessBase"]
[SourceQuality "1"]
[TimeControl "40/5400+30:1800+30"]

1. d4 e6 2. Nf3 f5 3. c4 Nf6 4. Nc3 Be7 5. g3 O-O 6. Bg2 d6 7. O-O Ne4 8. Qc2 Nxc3 9. bxc3 Nc6 10. e4 e5 11. dxe5 dxe5 12. Rd1 Qe8 13. Ne1 f4 14. gxf4 exf4 15. f3 Be6 16. Nd3 g5 17. Qa4 Qf7 18. Rb1 Rab8 19. Ba3 Rfd8 20. Nb4 Ne5 21. Nd5 Bxa3 22. Qxa3 c6 23. Ne7+ Kh8 24. Qc5 Qf6 25. Nf5 Bxf5 26. exf5 b6 27. Qa3 Nxc4 28. Qxa7 Qxf5 29. Qc7 Qc5+ 30. Kh1 Rxd1+ 31. Rxd1 Re8 32. Qf7 Rf8 33. Rd8 Rxd8 34. Qf6+ Kg8 35. Qxd8+ Kf7 36. Bf1 Ne3 37. Bd3 Qd5 38. Qc7+ Kf6 39. Be2 h5 40. Qxb6 g4 41. Qc7 Kg5 42. Qe7+ Kf5 43. Bd3+ Qxd3 44. Qh7+ 1-0

[Event "22nd OIBM 2018"]
[Site "Gmund am Tegernsee"]
[Date "2018.10.28"]
[Round "2"]
[White "Subramanian, Aditya"]
[Black "Zude, Arno"]
[Result "0-1"]
[ECO "A06"]
[WhiteElo "2151"]
[BlackElo "2349"]
[Annotator "NA"]
[PlyCount "82"]
[EventDate "2018.10.27"]
[EventType "swiss"]
[EventCountry "GER"]
[SourceTitle "playchess.com"]
[Source "ChessBase"]
[SourceQuality "1"]
[TimeControl "40/5400+30:1800+30"]

1. Nf3 d5 2. g3 c6 3. Bg2 Bg4 4. c4 e6 5. h3 Bh5 6. O-O Nf6 7. d3 Be7 8. cxd5 Bxf3 9. Bxf3 cxd5 10. b3 Nc6 11. Bb2 O-O 12. Nd2 Qa5 13. a3 Rfd8 14. Bg2 Nd7 15. Nf3 Bf6 16. d4 Qb6 17. Qd3 a5 18. e3 a4 19. b4 Na7 20. e4 Qb5 21. Qe3 Nb6 22. Nd2 Rac8 23. e5 Be7 24. Rfc1 Qd7 25. Bf1 Rxc1 26. Rxc1 Rc8 27. Rxc8+ Nbxc8 28. Bd3 b5 29. Nf3 Nb6 30. Qf4 Nc4 31. Bc1 Qc7 32. Bxh7+ Kxh7 33. Qxf7 Qd8 34. Bg5 Bxg5 35. h4 Bh6 36. h5 Nc6 37. g4 Qe7 38. Qg6+ Kg8 39. g5 Qf7 40. Qd3 Qxh5 41. gxh6 Qxh6 0-1

[Event "22nd OIBM 2018"]
[Site "Gmund am Tegernsee"]
[Date "2018.10.28"]
[Round "2"]
[White "Paris, Michael"]
[Black "Slugin, Sergey"]
[Result "1-0"]
[ECO "B56"]
[WhiteElo "2117"]
[BlackElo "2362"]
[Annotator "NA"]
[PlyCount "87"]
[EventDate "2018.10.27"]
[EventType "swiss"]
[EventCountry "GER"]
[SourceTitle "playchess.com"]
[Source "ChessBase"]
[SourceQuality "1"]
[TimeControl "40/5400+30:1800+30"]

1. e4 c5 2. Nf3 Nc6 3. d4 cxd4 4. Nxd4 Nf6 5. Nc3 d6 6. f3 e5 7. Nb3 Be7 8. Be3 O-O 9. Qd2 a5 10. Bb5 Be6 11. Rd1 Na7 12. Be2 Nc6 13. Bb5 Na7 14. Bd3 Nc8 15. O-O a4 16. Nc1 Nb6 17. Qf2 Nc4 18. Bxc4 Bxc4 19. Rfe1 Qc8 20. a3 Qc6 21. Nd3 Bxd3 22. Rxd3 h6 23. Red1 Rfc8 24. R1d2 b5 25. Na2 Qb7 26. Nb4 Rc4 27. c3 Kf8 28. Rd1 Rd8 29. Qd2 Rdc8 30. h3 Kg8 31. g4 Nh7 32. Nd5 Bd8 33. Qg2 R8c6 34. Nb4 Rc8 35. Rxd6 Bg5 36. Bf2 Nf6 37. Rb6 Qa8 38. Rxb5 Bf4 39. Rb6 Rd8 40. Rbd6 Rcc8 41. Qf1 h5 42. Qa6 Rxd6 43. Rxd6 hxg4 44. Qxa8 1-0

[Event "22nd OIBM 2018"]
[Site "Gmund am Tegernsee"]
[Date "2018.10.28"]
[Round "2"]
[White "Brychcy, Felix"]
[Black "Hacker, Jonas"]
[Result "0-1"]
[ECO "D00"]
[WhiteElo "2081"]
[BlackElo "2345"]
[Annotator "NA"]
[PlyCount "64"]
[EventDate "2018.10.27"]
[EventType "swiss"]
[EventCountry "GER"]
[SourceTitle "playchess.com"]
[Source "ChessBase"]
[SourceQuality "1"]
[TimeControl "40/5400+30:1800+30"]

1. d4 d5 2. Bf4 Nf6 3. e3 c5 4. c3 Nc6 5. Nd2 e6 6. Ngf3 Bd6 7. Bg3 O-O 8. Bd3 b6 9. e4 Be7 10. e5 Nh5 11. Ng5 Bxg5 12. Qxh5 g6 13. Qe2 cxd4 14. Nf3 dxc3 15. bxc3 f5 16. Nxg5 Qxg5 17. h4 Qh6 18. f4 Bd7 19. Qe3 Rac8 20. Kd2 Be8 21. h5 gxh5 22. Bh4 Bg6 23. Rab1 Rf7 24. Ba6 Rcc7 25. Bb5 Na5 26. Rb4 Rf8 27. Rh3 Rfc8 28. Bg5 Qf8 29. Ba6 Rxc3 30. Qxc3 Rxc3 31. Rxc3 Qxb4 32. Kc2 Nc4 0-1

[Event "22nd OIBM 2018"]
[Site "Gmund am Tegernsee"]
[Date "2018.10.28"]
[Round "2"]
[White "Billio, Atto"]
[Black "Bussard, Christian"]
[Result "1/2-1/2"]
[ECO "E62"]
[WhiteElo "2074"]
[BlackElo "2283"]
[Annotator "NA"]
[PlyCount "77"]
[EventDate "2018.10.27"]
[EventType "swiss"]
[EventCountry "GER"]
[SourceTitle "playchess.com"]
[Source "ChessBase"]
[SourceQuality "1"]
[TimeControl "40/5400+30:1800+30"]

1. d4 g6 2. Nf3 Bg7 3. g3 d6 4. Bg2 Nf6 5. O-O O-O 6. c4 Nc6 7. Nc3 Bg4 8. h3 Bxf3 9. Bxf3 Nd7 10. e3 e5 11. d5 Ne7 12. Bg2 f5 13. f4 a5 14. Qc2 Nc5 15. b3 e4 16. Rd1 c6 17. Rb1 Nd3 18. dxc6 bxc6 19. Ba3 Qb6 20. Rxd3 exd3 21. Qxd3 Rad8 22. Kh2 Qc7 23. Rd1 Kh8 24. Ne2 c5 25. Nc3 Nc8 26. e4 Qf7 27. e5 Qe8 28. exd6 Nxd6 29. Bd5 Nb7 30. Qf3 Rb8 31. Bxb7 Rxb7 32. Qxb7 Qe3 33. Bb2 Bxc3 34. Bxc3+ Qxc3 35. Qd7 a4 36. Qd2 Qxd2+ 37. Rxd2 Re8 38. bxa4 Re4 39. Rd5 1/2-1/2

[Event "22nd OIBM 2018"]
[Site "Gmund am Tegernsee"]
[Date "2018.10.28"]
[Round "2"]
[White "Kick, Joachim"]
[Black "Ries, Berthold"]
[Result "1-0"]
[ECO "A04"]
[WhiteElo "2070"]
[BlackElo "1862"]
[Annotator "NA RC"]
[PlyCount "21"]
[EventDate "2018.10.27"]
[EventType "swiss"]
[EventCountry "GER"]
[SourceTitle "playchess.com"]
[Source "ChessBase"]
[SourceQuality "1"]
[TimeControl "40/5400+30:1800+30"]

1. Nf3 c5 2. c4 Nc6 3. d4 cxd4 4. Nxd4 Nf6 5. g3 d6 6. Bg2 Bd7 7. Nc3 g6 8. Nc2 Bg7 9. O-O O-O 10. b3 Ne4 11. Nxe4 1-0

[Event "22nd OIBM 2018"]
[Site "Gmund am Tegernsee"]
[Date "2018.10.28"]
[Round "2"]
[White "Schoen, Rudolf"]
[Black "Rietze, Clemens"]
[Result "1/2-1/2"]
[ECO "B23"]
[WhiteElo "1997"]
[BlackElo "2293"]
[Annotator "NA"]
[PlyCount "70"]
[EventDate "2018.10.27"]
[EventType "swiss"]
[EventCountry "GER"]
[SourceTitle "playchess.com"]
[Source "ChessBase"]
[SourceQuality "1"]
[TimeControl "40/5400+30:1800+30"]

1. e4 c5 2. Nc3 Nc6 3. f4 g6 4. Nf3 Bg7 5. Bb5 Nd4 6. O-O a6 7. Bd3 e6 8. e5 Nxf3+ 9. Qxf3 d5 10. exd6 Qxd6 11. b3 Bd4+ 12. Kh1 Nf6 13. Bb2 O-O 14. Na4 Nd7 15. Rae1 Rb8 16. Nc3 Qc7 17. a4 Nf6 18. Nd1 Bxb2 19. Nxb2 b5 20. axb5 axb5 21. Qe2 Bd7 22. Qe5 Qxe5 23. fxe5 Nd5 24. Be4 Bc6 25. Nd3 c4 26. Nf2 cxb3 27. cxb3 Ne7 28. Ng4 Rbd8 29. Bxc6 Nxc6 30. Rc1 Nb4 31. Rc7 Kg7 32. Nf6 Nd5 33. Rb7 Rb8 34. Rxb8 Rxb8 35. Ne4 b4 1/2-1/2

[Event "22nd OIBM 2018"]
[Site "Gmund am Tegernsee"]
[Date "2018.10.29"]
[Round "3"]
[White "Firouzja, Alireza"]
[Black "Schoen, Rudolf"]
[Result "1-0"]
[ECO "B31"]
[WhiteElo "2600"]
[BlackElo "1997"]
[Annotator "RC"]
[PlyCount "51"]
[EventDate "2018.10.27"]
[EventType "swiss"]
[EventCountry "GER"]
[SourceTitle "playchess.com"]
[Source "ChessBase"]
[SourceQuality "1"]
[TimeControl "40/5400+30:1800+30"]

1. e4 c5 2. Nf3 Nc6 3. Bb5 g6 4. Bxc6 dxc6 5. h3 Nf6 6. Nc3 Bg7 7. d3 O-O 8. Be3 b6 9. Qd2 Re8 10. Bh6 Bh8 11. e5 Nd5 12. Ne4 Bf5 13. Ng3 Bd7 14. O-O Qc7 15. c4 Nb4 16. a3 Na6 17. Qf4 f6 18. Rfe1 Rad8 19. Re3 Qb8 20. Rae1 Nc7 21. exf6 exf6 22. Re7 Qc8 23. Nh5 f5 24. Bg7 gxh5 25. Bxh8 Rxe7 26. Rxe7 1-0

[Event "22nd OIBM 2018"]
[Site "Gmund am Tegernsee"]
[Date "2018.10.29"]
[Round "3"]
[White "Meins, Gerlef"]
[Black "Zeier, Klaus"]
[Result "1/2-1/2"]
[ECO "A14"]
[WhiteElo "2408"]
[BlackElo "2228"]
[Annotator "ChessBase"]
[PlyCount "61"]
[EventDate "2018.10.27"]
[EventType "swiss"]
[EventCountry "GER"]
[SourceTitle "playchess.com"]
[Source "ChessBase"]
[SourceQuality "1"]
[TimeControl "40/5400+30:1800+30"]

1. Nf3 Nf6 2. c4 e6 3. g3 d5 4. Bg2 Be7 5. O-O O-O 6. d4 dxc4 7. Ne5 c5 8. dxc5 Qc7 9. Nxc4 Qxc5 10. b3 Rd8 11. Nbd2 Qc7 12. Bb2 Nc6 13. Rc1 Bd7 14. Ne5 Qa5 15. Ndc4 Qa6 16. Bxc6 Bxc6 17. Nxc6 Qxc6 18. Qc2 Rac8 19. Rfd1 Rxd1+ 20. Qxd1 Rd8 21. Qc2 Qd5 22. Ne3 Qb5 23. Qc7 Kf8 24. Ba3 Qd7 25. Bxe7+ Qxe7 26. Qe5 b6 27. Rc7 Rd7 28. Rc8+ Rd8 29. Rc7 Rd7 30. Rc8+ Rd8 31. Rc7 1/2-1/2

[Event "22nd OIBM 2018"]
[Site "Gmund am Tegernsee"]
[Date "2018.10.29"]
[Round "3"]
[White "Slugin, Sergey"]
[Black "Gueci, Tea"]
[Result "1/2-1/2"]
[ECO "B40"]
[WhiteElo "2362"]
[BlackElo "2166"]
[Annotator "NA"]
[PlyCount "56"]
[EventDate "2018.10.27"]
[EventType "swiss"]
[EventCountry "GER"]
[SourceTitle "playchess.com"]
[Source "ChessBase"]
[SourceQuality "1"]
[TimeControl "40/5400+30:1800+30"]

1. e4 c5 2. Nf3 e6 3. g3 Nc6 4. Bg2 g6 5. O-O Bg7 6. c3 e5 7. d3 Nge7 8. Be3 d6 9. Na3 O-O 10. d4 exd4 11. cxd4 Bg4 12. dxc5 dxc5 13. Qxd8 Rfxd8 14. Bxc5 b6 15. Bxe7 Nxe7 16. Nc4 Rac8 17. Rac1 b5 18. Ne3 Bxf3 19. Bxf3 Bxb2 20. Rb1 Rd2 21. Rfd1 Rxd1+ 22. Nxd1 Bd4 23. Rxb5 Rc2 24. Rb7 Kf8 25. Rb8+ Kg7 26. Rb7 Kf8 27. Rb8+ Kg7 28. Rb7 Kf8 1/2-1/2

[Event "22nd OIBM 2018"]
[Site "Gmund am Tegernsee"]
[Date "2018.10.29"]
[Round "3"]
[White "Burchert, Wolfgang"]
[Black "Raupp, Thomas"]
[Result "1-0"]
[ECO "B32"]
[WhiteElo "2057"]
[BlackElo "2291"]
[Annotator "NA"]
[PlyCount "51"]
[EventDate "2018.10.27"]
[EventType "swiss"]
[EventCountry "GER"]
[SourceTitle "playchess.com"]
[Source "ChessBase"]
[SourceQuality "1"]
[TimeControl "40/5400+30:1800+30"]

1. e4 c5 2. Nf3 Nc6 3. d4 cxd4 4. Nxd4 e5 5. Nb5 d6 6. N1c3 a6 7. Na3 Be7 8. Nc4 b5 9. Ne3 Nf6 10. g3 O-O 11. Bg2 b4 12. Ncd5 Nxd5 13. Nxd5 Bg5 14. Bxg5 Qxg5 15. O-O Rb8 16. Qd3 a5 17. Rad1 Qd8 18. Kh1 Be6 19. Ne3 Qb6 20. f4 exf4 21. gxf4 Rfd8 22. Rg1 Qc5 23. Bf3 g6 24. Rg5 Qb6 25. Nd5 h6 26. Ra1 1-0

[Event "22nd OIBM 2018"]
[Site "Gmund am Tegernsee"]
[Date "2018.10.29"]
[Round "3"]
[White "Ries, Berthold"]
[Black "Jovi, Klaus"]
[Result "0-1"]
[ECO "C06"]
[WhiteElo "1862"]
[BlackElo "1512"]
[Annotator "NA"]
[PlyCount "54"]
[EventDate "2018.10.27"]
[EventType "swiss"]
[EventCountry "GER"]
[SourceTitle "playchess.com"]
[Source "ChessBase"]
[SourceQuality "1"]
[TimeControl "40/5400+30:1800+30"]

1. e4 e6 2. d4 d5 3. Nd2 Nf6 4. e5 Nfd7 5. Bd3 c5 6. c3 Nc6 7. Ne2 cxd4 8. cxd4 f6 9. exf6 Nxf6 10. O-O Bd6 11. Nf3 O-O 12. Bf4 h6 13. Rc1 Bxf4 14. Nxf4 Qb6 15. Ng6 Re8 16. Nge5 Re7 17. b3 Bd7 18. Re1 Be8 19. Bb1 Bh5 20. h3 Nxe5 21. dxe5 Bxf3 22. Qxf3 Ne4 23. Bxe4 dxe4 24. Rxe4 Rf8 25. Rf4 Rxf4 26. Qxf4 Rf7 27. Rc8+ Rf8 0-1

[Event "22nd OIBM 2018"]
[Site "Gmund am Tegernsee"]
[Date "2018.10.30"]
[Round "4"]
[White "Forchert, Martin"]
[Black "Babar, Michael"]
[Result "1-0"]
[ECO "B06"]
[WhiteElo "2363"]
[BlackElo "2157"]
[Annotator "NA"]
[PlyCount "57"]
[EventDate "2018.10.27"]
[EventType "swiss"]
[EventCountry "GER"]
[SourceTitle "playchess.com"]
[Source "ChessBase"]
[SourceQuality "1"]
[TimeControl "40/5400+30:1800+30"]

1. e4 g6 2. d4 d6 3. Nc3 Bg7 4. Be3 a6 5. a4 Nd7 6. Nge2 {[%emt 0:03:42] B06: Moderne Verteidigung} (6. Be2 b6 7. h4 h6 8. Bf3 Bb7 9. Nge2 e6 10. Qd2 Ne7 11. g3 Nf5 12. h5 g5 13. Bg2 O-O {0-1 (39) Meijers,V (2502)-Vitiugov,N (2709) Germany 2011}) 6... Ngf6 7. h3 O-O 8. g4 e5 $146 ({Vorgänger:} 8... b6 9. Bg2 Bb7 10. O-O Rb8 11. Qd2 c5 12. d5 Ne8 13. Bg5 Nc7 14. f4 {0-1 (38) Mikkelsen,N (2246)-Berg,K (2420) Skanderborg 2005}) 9. Bg2 b6 10. d5 (10. g5 $5 ) 10... Rb8 11. Qd2 b5 12. a5 b4 13. Na4 Rb5 14. O-O h5 15. g5 Nh7 16. c4 Rb8 17. c5 f5 18. gxf6 Ndxf6 19. cxd6 cxd6 20. Nb6 Bxh3 21. Bxh3 Nxe4 22. Qxb4 Qh4 23. Be6+ Kh8 24. Ng3 Rf3 25. Nxe4 Rxe3 26. fxe3 Ng5 27. Qe1 Qxe4 28. Qg3 Bh6 29. Ra4 $18 1-0

[Event "22nd OIBM 2018"]
[Site "Gmund am Tegernsee"]
[Date "2018.10.30"]
[Round "4"]
[White "Bernabeu Lopez, Carlos Javier"]
[Black "Krueger, Rainer"]
[Result "1-0"]
[ECO "B70"]
[WhiteElo "2353"]
[BlackElo "2152"]
[Annotator "NA"]
[PlyCount "133"]
[EventDate "2018.10.27"]
[EventType "swiss"]
[EventCountry "GER"]
[SourceTitle "playchess.com"]
[Source "ChessBase"]
[SourceQuality "1"]
[TimeControl "40/5400+30:1800+30"]

1. e4 c5 2. Nf3 d6 3. d4 cxd4 4. Nxd4 Nf6 5. Nc3 g6 6. g3 Nc6 7. Bg2 Nxd4 8. Qxd4 Bg7 9. O-O O-O 10. Qd3 Rb8 {[%emt 0:14:20] B70: Sicilian Dragon: 6 g3 and 6 Be2 (without a later Be3)} (10... Be6 11. Nd5 Rc8 12. c3 a6 13. Re1 Nd7 14. a4 Ne5 15. Qd1 Re8 16. h3 Nc4 17. Kh2 Bd7 18. Re2 b5 19. axb5 Bxb5 {½-½ (74) Karjakin,S (2781)-Topalov,V (2749) Paris 2017}) 11. Re1 b5 $146 ({Predecessor:} 11... b6 12. Nd5 Bb7 13. Bg5 e6 14. Nxf6+ Bxf6 15. Bxf6 Qxf6 16. c3 Rfd8 17. Rad1 Qe5 18. h4 {1-0 (38) Lin,C (2485)-Migot,T (2379) Vandoeuvre 2018}) 12. a3 a6 13. Nd5 Nxd5 14. exd5 Bf5 15. Qe2 Qc8 16. c3 Re8 17. Bg5 h6 18. Bf4 a5 19. Qd2 Kh7 20. Be4 Bxe4 21. Rxe4 Rb7 (21... g5 $11) 22. Bxh6 Bf6 ({Stronger than} 22... Bxh6 23. Rh4 Kg7 24. Qxh6+ Kf6 25. Rf4+ Ke5 26. Rd1 Qc4 27. Rxc4 Kf6 28. Rf4+ Ke5 29. Rxf7 Rg8 30. Qf4#) 23. Bg5 Qf5 24. Rh4+ $1 Kg8 25. Bxf6 Qxf6 26. Re1 Rc8 27. Ree4 Rc5 28. Rh6 Rc4 29. Reh4 Rxh4 30. Rxh4 ({Worse is} 30. gxh4 Qe5 $15) 30... Rc7 31. Qe2 Rc5 32. Rf4 Qe5 33. Re4 Qxd5 34. Rxe7 Qf5 35. Re8+ Kh7 36. Qe7 Qf3 37. Qh4+ Rh5 38. Qd4 Re5 39. Rxe5 dxe5 40. Qxe5 Qd1+ 41. Kg2 Qb3 42. Qe2 Qd5+ 43. Kg1 Qb3 44. h4 Kg8 45. Kh2 Kf8 46. Qd2 Kg7 47. c4 b4 48. axb4 axb4 49. Qd4+ Kg8 50. c5 Qf3 51. Qe3 Qd5 52. Qe8+ Kh7 53. c6 Qf3 54. Qe1 Qxc6 55. Qxb4 Qd5 56. Qf4 Qb3 57. Qd4 Kg8 58. Qc3 Qa2 59. Qa3 Qb1 60. b4 Qf5 61. Qe3 Qb1 62. Qc5 Qe4 63. b5 $18 Qf3 64. Kg1 Kh7 65. Qc6 Qd1+ 66. Kg2 g5 67. hxg5 1-0

[Event "22nd OIBM 2018"]
[Site "Gmund am Tegernsee"]
[Date "2018.10.30"]
[Round "4"]
[White "Weber, Ulrich"]
[Black "Juergens, Klaus"]
[Result "1-0"]
[ECO "A05"]
[WhiteElo "2347"]
[BlackElo "2149"]
[Annotator "NA"]
[PlyCount "77"]
[EventDate "2018.10.27"]
[EventType "swiss"]
[EventCountry "GER"]
[SourceTitle "playchess.com"]
[Source "ChessBase"]
[SourceQuality "1"]
[TimeControl "40/5400+30:1800+30"]

1. Nf3 Nf6 2. g3 g6 3. Bg2 Bg7 4. d4 O-O 5. O-O d6 6. Re1 Nbd7 7. e4 e5 8. h3 {[%emt 0:01:09] A49: 1 d4 Nf6 2 Nf3 g6 3 g3: Anti-King's Indian systems} (8. Nc3 Re8 9. h3 c6 10. a4 b6 11. Bg5 Bb7 12. Qd2 Qc7 13. Rad1 a6 14. dxe5 dxe5 15. Qd6 Qxd6 16. Rxd6 h6 17. Bxf6 Nxf6 18. Nd2 {½-½ (80) Kramnik,V (2792)-Grischuk,A (2766) Paris 2018}) 8... c6 9. a4 b6 $146 ({Predecessor:} 9... a5 10. Na3 exd4 11. Nxd4 Nc5 12. Nb1 d5 13. exd5 Nxd5 14. Nc3 Nxc3 15. bxc3 Re8 {0-1 (44) Abdulla,A (2503)-Atabayev,S (2422) Chengdu 2017}) 10. c4 Qc7 11. Nc3 Bb7 12. b3 Rfe8 13. Bb2 exd4 14. Nxd4 Nc5 15. Qc2 Ne6 16. Nf3 Nd7 17. Rad1 Ne5 18. Nh2 Rad8 19. Rd2 Qb8 20. f4 Nd7 21. Red1 Ndc5 22. Ne2 a5 23. Bxg7 Kxg7 24. Ng4 f6 25. Qb2 Rf8 26. h4 h5 27. Ne3 Kf7 28. f5 Ng7 29. fxg6+ Kxg6 30. Qc2 Kf7 31. Nd4 Nce6 32. Ndf5 Ne8 33. Qd3 Bc8 34. Qe2 Rh8 35. Qf2 N8g7 $18 (35... Qc7 36. g4 hxg4 37. Nxg4 Nc5) 36. Nxd6+ Ke7 37. e5 Rdf8 38. Nxc8+ Qxc8 39. exf6+ 1-0

[Event "22nd OIBM 2018"]
[Site "Gmund am Tegernsee"]
[Date "2018.10.30"]
[Round "4"]
[White "Schnepp, Gunnar"]
[Black "Ditter, Juergen"]
[Result "1-0"]
[ECO "A31"]
[WhiteElo "2320"]
[BlackElo "2131"]
[Annotator "ChessBase"]
[PlyCount "39"]
[EventDate "2018.10.27"]
[EventType "swiss"]
[EventCountry "GER"]
[SourceTitle "playchess.com"]
[Source "ChessBase"]
[SourceQuality "1"]
[TimeControl "40/5400+30:1800+30"]

1. Nf3 Nf6 2. c4 c5 3. d4 e6 4. g3 d5 5. cxd5 exd5 6. Bg2 Nc6 7. O-O Be6 8. Nc3 Be7 9. dxc5 Bxc5 10. Ng5 O-O 11. Bf4 Qd7 12. Rc1 Be7 13. Nxe6 fxe6 14. e4 d4 15. e5 Nd5 16. Nxd5 exd5 17. Qb3 Rad8 18. e6 Qxe6 19. Qxb7 Na5 20. Qxa7 1-0

[Event "22nd OIBM 2018"]
[Site "Gmund am Tegernsee"]
[Date "2018.10.30"]
[Round "4"]
[White "Welling, Gerard"]
[Black "Koelle, Tobias"]
[Result "1-0"]
[ECO "C26"]
[WhiteElo "2297"]
[BlackElo "2125"]
[Annotator "NA"]
[PlyCount "103"]
[EventDate "2018.10.27"]
[EventType "swiss"]
[EventCountry "GER"]
[SourceTitle "playchess.com"]
[Source "ChessBase"]
[SourceQuality "1"]
[TimeControl "40/5400+30:1800+30"]

1. e4 e5 2. Nc3 Nf6 3. Bc4 Bc5 4. d3 c6 5. Qf3 O-O 6. Bg5 h6 $146 {[%emt 0:04:05] C27: Vienna Game: 2...Nf6 3 Bc4 Nxe4} ({Predecessor:} 6... Be7 7. Nge2 d6 8. h3 b5 9. Bb3 Nbd7 10. O-O Nc5 11. d4 Ne6 12. Be3 b4 13. dxe5 dxe5 14. Nb1 {½-½ (52) Ibragimov,I (2585)-Altounian,L (2456) San Diego 2004}) 7. Bxf6 Qxf6 8. Qxf6 gxf6 9. Nge2 b5 10. Bb3 a5 11. a4 b4 12. Nd1 d6 13. Ng3 Be6 14. Ne3 Bxe3 15. fxe3 Nd7 16. O-O Kg7 17. d4 exd4 18. exd4 d5 19. exd5 cxd5 20. Nf5+ Kh7 21. Ne7 Nb6 22. Rxf6 Kg7 23. Raf1 Rfe8 24. Nc6 Nd7 25. R6f3 Ra6 26. Ne5 Nxe5 27. dxe5 Rc6 28. Rg3+ Kf8 29. Rf6 Rec8 30. Rxh6 Rxc2 31. Bxc2 Rxc2 32. Rh8+ Ke7 33. b3 d4 34. Ra8 Rc3 35. Ra7+ Kf8 36. Kf2 (36. Rxa5 $18 Bxb3 37. Rg4) 36... Bxb3 37. Rxa5 Bc2 $2 (37... Bc4 $11) 38. Rb5 b3 39. a5 d3 40. Ke3 Rc4 41. Kd2 Ra4 42. Rxd3 Bxd3 43. Kxd3 Ra2 44. Kc3 Rxg2 45. Kxb3 Rg1 46. Kb4 Ra1 47. Kc5 Ke7 48. Kb6 f6 49. a6 fxe5 50. a7 e4 $18 51. Ra5 Rb1+ 52. Ka6 1-0

[Event "22nd OIBM 2018"]
[Site "Gmund am Tegernsee"]
[Date "2018.10.30"]
[Round "4"]
[White "Wintzer, Joachim"]
[Black "Astengo, Corrado"]
[Result "1-0"]
[ECO "A14"]
[WhiteElo "2260"]
[BlackElo "2114"]
[Annotator "ChessBase"]
[PlyCount "65"]
[EventDate "2018.10.27"]
[EventType "swiss"]
[EventCountry "GER"]
[SourceTitle "playchess.com"]
[Source "ChessBase"]
[SourceQuality "1"]
[TimeControl "40/5400+30:1800+30"]

1. Nf3 d5 2. g3 Nf6 3. Bg2 e6 4. c4 Be7 5. O-O O-O 6. b3 d4 7. e3 Nc6 8. d3 e5 9. exd4 exd4 10. Bb2 Bf5 11. Na3 Qd7 12. Nc2 Bc5 13. b4 Nxb4 14. Nxb4 Bxb4 15. Nxd4 Bg4 16. Bf3 Rad8 17. Nc2 Be7 18. d4 c6 19. Ne3 Bh3 20. Re1 Rfe8 21. Qb3 Be6 22. Rad1 Qc7 23. d5 cxd5 24. cxd5 Bc8 25. Nc4 Bd6 26. Nxd6 Qxd6 27. Ba3 Qa6 28. Be7 Qa5 29. Re3 Ng4 30. Bxd8 Rxd8 31. Bxg4 Bxg4 32. Rde1 Bd7 33. Qxb7 1-0

[Event "22nd OIBM 2018"]
[Site "Gmund am Tegernsee"]
[Date "2018.10.30"]
[Round "4"]
[White "Zeier, Klaus"]
[Black "Semprun Martinez, Fernando"]
[Result "1-0"]
[ECO "C96"]
[WhiteElo "2228"]
[BlackElo "2102"]
[Annotator "NA"]
[PlyCount "69"]
[EventDate "2018.10.27"]
[EventType "swiss"]
[EventCountry "GER"]
[SourceTitle "playchess.com"]
[Source "ChessBase"]
[SourceQuality "1"]
[TimeControl "40/5400+30:1800+30"]

1. e4 e5 2. Nf3 Nc6 3. Bb5 a6 4. Ba4 Nf6 5. O-O Be7 6. Re1 b5 7. Bb3 d6 8. c3 O-O 9. h3 Na5 10. Bc2 c5 11. d4 Nd7 12. Nbd2 exd4 13. cxd4 Nc6 14. d5 Nce5 15. a4 Bb7 16. Nxe5 Nxe5 17. f4 Ng6 18. Nf3 Bf6 19. axb5 axb5 20. Rxa8 Bxa8 21. b3 Nh4 22. e5 Be7 ({Better is} 22... dxe5 $11 23. fxe5 Nxf3+ 24. gxf3 Bh4) 23. Nxh4 Bxh4 24. Qd3 g6 25. Rd1 dxe5 26. fxe5 Bg5 27. Bb2 Qb6 28. Qg3 Qd8 29. Qc3 Qe7 {[%emt 0:06:15] [#]} 30. e6 $1 f6 31. Qg3 Rd8 32. Be4 Qd6 33. Qxd6 $18 Rxd6 34. Ra1 Bxd5 35. Bxd5 1-0

[Event "22nd OIBM 2018"]
[Site "Gmund am Tegernsee"]
[Date "2018.10.30"]
[Round "4"]
[White "Schaefer, Michael"]
[Black "Oparaugo, Thomas"]
[Result "1/2-1/2"]
[ECO "D04"]
[WhiteElo "2185"]
[BlackElo "2052"]
[Annotator "NA"]
[PlyCount "58"]
[EventDate "2018.10.27"]
[EventType "swiss"]
[EventCountry "GER"]
[SourceTitle "playchess.com"]
[Source "ChessBase"]
[SourceQuality "1"]
[TimeControl "40/5400+30:1800+30"]

1. d4 Nf6 2. Nf3 d5 3. e3 c5 4. Bd3 Bg4 5. c3 Nc6 6. Nbd2 e6 7. Qa4 {[%emt 0:01:15] D05: Colle System with ...e6} c4 8. Bb1 a6 9. Qd1 $146 ({Predecessor:} 9. h3 b5 10. Qd1 Bh5 11. e4 Be7 12. e5 Nd7 13. Qe2 b4 14. g4 Bg6 {0-1 (22) Spelec,D (2012)-Farago,I (2491) Graz 2012}) 9... Be7 10. e4 dxe4 11. Nxe4 Qd5 12. Qe2 Qh5 13. Ng3 Bxf3 14. Nxh5 Bxe2 15. Nxf6+ Bxf6 16. Kxe2 O-O-O 17. Be4 Ne7 18. b3 cxb3 19. axb3 e5 20. dxe5 Bxe5 21. Ra5 Bc7 22. Rc5 Kb8 23. Rd1 Bd6 24. Rc4 Rhe8 25. Rxd6 Rxd6 26. Bf4 $14 Nc8 27. Kf3 Ka8 28. Bxd6 Nxd6 29. Rd4 Nxe4 1/2-1/2

[Event "22nd OIBM 2018"]
[Site "Gmund am Tegernsee"]
[Date "2018.10.30"]
[Round "4"]
[White "Delitzsch, Juergen"]
[Black "Wuest, Klaus"]
[Result "1-0"]
[ECO "D74"]
[WhiteElo "2178"]
[BlackElo "2006"]
[Annotator "ChessBase"]
[PlyCount "96"]
[EventDate "2018.10.27"]
[EventType "swiss"]
[EventCountry "GER"]
[SourceTitle "playchess.com"]
[Source "ChessBase"]
[SourceQuality "1"]
[TimeControl "40/5400+30:1800+30"]

1. d4 Nf6 2. Nf3 g6 3. c4 Bg7 4. g3 O-O 5. Bg2 d5 6. cxd5 Nxd5 7. O-O Nc6 8. e4 Nb6 9. d5 Ne5 10. Nxe5 Bxe5 11. Nc3 e6 12. Bh6 Re8 13. Qb3 exd5 14. exd5 Bd7 15. Rad1 a5 16. h4 a4 17. Qc2 Bf5 18. Be4 Bxe4 19. Nxe4 Nxd5 20. Bg5 Qd7 21. Qd2 c6 22. Rfe1 Qc7 23. Qc1 Qb6 24. Re2 Bg7 25. Rde1 Qb4 26. h5 f5 27. a3 Qf8 28. Nc5 Rxe2 29. Rxe2 Qf7 30. h6 Bf6 31. Bxf6 Nxf6 32. Qc3 Re8 33. Rxe8+ Nxe8 34. Qe5 b5 35. Qb8 Qe7 36. Qc8 Qxc5 37. Qxe8+ Qf8 38. Qe6+ Kh8 39. Qxc6 Qxh6 40. Qxb5 Qc1+ 41. Kg2 Qc2 42. Qb8+ Kg7 43. Qe5+ Kf7 44. Kg1 Qc1+ 45. Kh2 Qc2 46. Qd4 Kg8 47. Kg1 Qc1+ 48. Kg2 Qc2 1-0